 Dungeon Crawl Stone Soup version 0.20-a0-941-gba1b1f9 (webtiles) character file.

679 Leszczynek the Vexing (level 7, 12/27 HPs)
             Began as a Felid Fire Elementalist on Mar 31, 2017.
             Quit the game on level 5 of the Dungeon.
             The game lasted 00:20:24 (7194 turns).

Leszczynek the Vexing (Felid Fire Elementalist)     Turns: 7194, Time: 00:20:25

Health: 12/27      AC:  2    Str:  5    XL:     7   Next: 34%
Magic:  8/11       EV: 18    Int: 18    God:
Gold:   209        SH:  0    Dex: 16    Spells: 3/10 levels left
                                        Lives:  2   Deaths: 0

rFire    . . .     SeeInvis +     - Unarmed
rCold    . . .     Gourm    .   (shield unavailable)
rNeg     . . .     Faith    .   (armour unavailable)
rPois    .         Spirit   .   (helmet unavailable)
rElec    .         Reflect  .   (cloak unavailable)
rCorr    .         Harm     .   (gloves unavailable)
MR       +....                  (boots unavailable)
Stlth    +++.......             e - amulet of magic regeneration
Regen    0.1/turn               (no ring)
MPRegen  0.2/turn               (no ring)

@: mildly poisoned (12 -> 9), quick
A: no armour, no weapons or thrown items, stealth, claws 1, fangs 3, see
invisible, carnivore 3, speed 1, shaggy fur 2, slow metabolism 1, sharp paws
a: no special abilities


You were on level 5 of the Dungeon.
You were very full.

You visited 1 branch of the dungeon, and saw 5 of its levels.

You collected 209 gold pieces.

Inventory:

Jewellery
 e - an amulet of magic regeneration (around neck)
 m - a cursed amulet of inaccuracy {unknown}
 t - an uncursed amulet of guardian spirit {unknown}
Wands
 v - a wand of iceblast (7/15)
Scrolls
 k - 2 scrolls of remove curse {@r2}
Potions
 c - a potion of cancellation {unknown}
 d - 2 potions of brilliance
 f - 2 potions of might
 i - 2 potions of agility {unknown}
 j - a potion of heal wounds {unknown}
 l - a potion of curing {unknown}
 o - 2 potions of haste {unknown}
 p - a potion of lignification {unknown}
 q - a potion of magic {unknown}
Books
 a - a book of Flames

   Spells                             Type                      Level
   a - Flame Tongue                   Conjuration/Fire             1
   b - Throw Flame                    Conjuration/Fire             2
   c - Conjure Flame                  Conjuration/Fire             3
   d - Inner Flame                    Hexes/Fire                   3
   e - Sticky Flame                   Conjuration/Fire             4
   f - Fireball                       Conjuration/Fire             5
 g - a book of Maledictions

   Spells                             Type                      Level
   a - Corona                         Hexes                        1
   b - Ensorcelled Hibernation        Hexes/Ice                    2
   c - Confuse                        Hexes                        3
   d - Tukima's Dance                 Hexes                        3
   e - Dazzling Spray                 Conjuration/Hexes            3
Comestibles
 b - 2 meat rations
 h - 2 royal jellies


   Skills:
 - Level 2.6 Dodging
 + Level 4.6 Stealth
 - Level 4.3 Unarmed Combat
 - Level 2.0 Spellcasting
 - Level 3.5 Conjurations
 - Level 5.0 Hexes
 - Level 3.6 Fire Magic


You had 3 spell levels left.
You knew the following spells:

 Your Spells              Type           Power        Failure   Level  Hunger
a - Flame Tongue          Conj/Fire      ##...        4%          1    #......
b - Conjure Flame         Conj/Fire      ##......     14%         3    ###....
c - Confuse               Hex            ###.....     10%         3    ###....


Dungeon Overview and Level Annotations

Branches:
Dungeon (5/15)
 Temple: D:4-7

Altars:
Dithmenos
Hepliaklqana
Wu Jian
Yredelemnul

Shops:
D:4 :

Annotations:
D:3 ogre, orc priest, Ijyb
D:4 Menkaure


Innate Abilities, Weirdness & Mutations

You cannot wear armour.
You are incapable of wielding weapons or throwing items.
Your paws allow you to move quietly. (Stealth)
You have sharp claws.
You have razor-sharp teeth.
You have supernaturally acute eyesight. (SInv)
You are carnivorous and can eat meat at any time.
You cover ground quickly.
You are covered in thick fur. (AC +2)
You have a slow metabolism.
Your sharp claws are effective at attacking unaware monsters.


Message History

The scorpion stings you!
You are poisoned.
The scorpion poisons you!
You feel sick.
There is an open door here.
You feel sick.
You feel sick.
An orc comes into view.
It is wielding a falchion of protection.
You feel sick.
The orc moves out of view.
There is a stone staircase leading up here.
You feel sick.
An orc priest comes into view. It is wielding a club.
You feel sick.
The orc priest moves out of view.
Unknown command.
You feel sick.
The orc wizard shouts!
You hear a shout! x2
You feel sick.
Enter note: bleh
Enter note: this is horribly unfun Are you sure you want to abandon this character and quit the game? (Confirm with "yes".)

..........)......
%................
..........o......
####################........
#...........................
#..#...#...#...#...#.####.##
#_...................## .#
#..#...#...#...#..[#..###.#
#......[......@..os.......#
####################......#
#...........# #.....s.....#
#..)........# #....#


You could see a scorpion, an orc priest and an orc wizard.

Vanquished Creatures
  An ogre (D:5)
  2 scorpions
  A jelly (D:5)
  A bullfrog zombie (D:5)
  A bullfrog skeleton (D:5)
  2 centaur skeletons (D:5)
  A hound (D:4)
  2 iguanas
  A worker ant (D:4)
  7 gnolls
  8 adders
  An ooze (D:3)
  A worm (D:3)
  2 dart slugs (D:1)
  6 leopard geckos
  9 orcs
  A ball python (D:1)
  6 bats
  A giant cockroach (D:4)
  11 goblins
  8 hobgoblins
  3 jackals (D:2)
  A quokka (D:4)
  A ball python skeleton (D:5)
  4 frilled lizards
  10 kobolds
  7 rats
  A spectral orc (D:3)
100 creatures vanquished.

Notes
Turn   | Place    | Note
-------+----------+-------------------------------------------
     0 | D:1      | Leszczynek the Felid Fire Elementalist began the quest for the Orb.
     0 | D:1      | Reached XP level 1. HP: 7/7 MP: 4/4
    26 | D:1      | Reached skill level 1 in Conjurations
   228 | D:1      | Reached XP level 2. HP: 11/11 MP: 4/6
  1126 | D:1      | Reached skill level 2 in Conjurations
  1340 | D:2      | Reached skill level 3 in Fire Magic
  1346 | D:2      | Reached XP level 3. HP: 14/14 MP: 4/7
  1351 | D:2      | Learned a level 3 spell: Conjure Flame
  1965 | D:2      | Reached skill level 3 in Conjurations
  1965 | D:2      | Reached XP level 4. HP: 18/18 MP: 4/8
  2597 | D:3      | Noticed an ogre
  2779 | D:2      | hmmmmmmmmmmmmmmmmmm
  2990 | D:3      | Noticed Ijyb
  3938 | D:3      | oh
  3948 | D:3      | Learned a level 3 spell: Confuse
  4062 | D:3      | Found a basalt altar of Yredelemnul.
  4108 | D:3      | Reached skill level 1 in Hexes
  4118 | D:3      | Reached XP level 5. HP: 21/21 MP: 3/9
  4125 | D:3      | Reached skill level 2 in Hexes
  4505 | D:3      | Reached skill level 3 in Hexes
  4664 | D:4      | Reached skill level 4 in Hexes
  4739 | D:4      | Reached skill level 5 in Hexes
  4821 | D:4      | Found a hazy altar of Hepliaklqana.
  4848 | D:4      | Gained mutation: You are covered in thick fur. (AC +2) [Felid growth]
  4848 | D:4      | Reached XP level 6. HP: 24/24 MP: 5/10
  4909 | D:4      | Found Obityruy's Book Shoppe.
  4949 | D:4      | Reached skill level 1 in Unarmed Combat
  5006 | D:4      | Noticed Menkaure
  5209 | D:4      | Reached skill level 2 in Unarmed Combat
  6025 | D:5      | Entered Level 5 of the Dungeon
  6343 | D:5      | Reached skill level 3 in Unarmed Combat
  6750 | D:5      | Reached skill level 4 in Unarmed Combat
  6750 | D:5      | Reached XP level 7. HP: 27/27 MP: 3/11
  6831 | D:5      | Found a shadowy altar of Dithmenos.
  6832 | D:5      | Reached skill level 3 in Stealth
  6886 | D:5      | Reached skill level 4 in Stealth
  7148 | D:5      | Found an ornate altar of the Wu Jian Council.
  7194 | D:5      | bleh
  7194 | D:5      | this is horribly unfun
  7194 | D:5      | Quit the game

Vault maps used:
D:1:      dpeg_arrival_simpleton_a
D:3:      yredelemnul_forgotten_temple_becter, uniq_iyjb
D:4:      marbit_many_paths, serial_shops, shop, uniq_menkaure
D:5:      cheibrodos_quashed, nicolae_overflow_hidden_temple,
          nicolae_qazlal_general_emergency, lemuel_coloured_pillars_altar,
          serial_shops, nicolae_shop_waterfront, first_bread

Skill      XL: |  1  2  3  4  5  6  7 |
---------------+----------------------+-----
Conjurations   | 1 2 3 |  3.5
Fire Magic     | 3 |  3.6
Hexes          | 1 5 |  5.0
Unarmed Combat | 4 |  4.3
Stealth        | 4 |  4.6
Dodging        | |  2.6
Spellcasting   | |  2.0

Action                   |  1- 3 |  4- 6 |  7- 9 || total
-------------------------+-------+-------+-------++-------
Melee: Unarmed           |       |    17 |       ||    17
       Punch             |       |     2 |       ||     2
       Bite              |       |     1 |       ||     1
 Cast: Flame Tongue      |    60 |   163 |    24 ||   247
       Conjure Flame     |     1 |       |       ||     1
       Confuse           |       |     7 |     2 ||     9
  Use: Scroll            |     1 |     5 |     4 ||    10
 Stab: Sleeping          |       |     3 |       ||     3
       Confused          |       |     1 |       ||     1
  Eat: Chunk             |     9 |    11 |     2 ||    22
Armor: Skin              |       |     4 |       ||     4
Dodge: Dodged            |     9 |    59 |     6 ||    74
